 Dungeon Crawl Stone Soup version 0.18-a0-844-g9229740 (webtiles) character file.

278 JokEr the Poker (level 6, -2/73 HPs)
             Began as a Merfolk Skald on Dec 18, 2015.
             Slain by an iguana (3 damage)
             ... on level 4 of the Dungeon.
             The game lasted 00:14:32 (4830 turns).

JokEr the Poker (Merfolk Skald)                     Turns: 4830, Time: 00:14:32

Health: -2/73      AC: 23    Str: 12    XL:     6   Next: 26%
Magic:  16/19      EV:  2    Int: 13    God:
Gold:   143        SH:  0    Dex: 14    Spells: 3 memorised, 4 levels left

rFire  . . .     SeeInvis .     a - +0 spear
rCold  . . .     Gourm    .     (armour currently unavailable)
rNeg   + + +     Faith    .     (no shield)
rPois  +         Spirit   .     (helmet currently unavailable)
rElec  .         Dismiss  .     (cloak currently unavailable)
rCorr  .         Reflect  .     (gloves currently unavailable)
SustAt .         Harm     .     (boots currently unavailable)
MR     .....     NoTele   +     (no amulet)
Stlth  +.........               (no ring)
                                j - ring of magical power

@: tree-form, not resistant to hostile enchantments, very unstealthy
A: (change form in water), (swift swim)
a: no special abilities


You were on level 4 of the Dungeon.
You were hungry.
You were a tree.
You visited 2 branches of the dungeon, and saw 5 of its levels.

You collected 143 gold pieces.

Inventory:

Hand Weapons
 a - a +0 spear (weapon)
Armour
 l - a +0 helmet (melded)
 p - a +0 scale mail (melded)
Jewellery
 j - a ring of magical power (left branch)
 w - an uncursed ring of protection from magic {unknown}
Scrolls
 f - a scroll of teleportation
 g - 3 scrolls of immolation
 i - 2 scrolls of remove curse
 u - a scroll of fear {unknown}
Potions
 e - a potion of mutation {unknown}
 k - 2 potions of degeneration
 m - a potion of lignification
 n - 2 potions of resistance
 q - a potion of flight {unknown}
 r - a potion of magic {unknown}
 v - a potion of poison {unknown}
Books
 c - a book of Battle

   Spells                             Type                      Level
   a - Infusion                       Charms                       1
   b - Shroud of Golubria             Charms/Translocation         2
   c - Song of Slaying                Charms                       2
   d - Spectral Weapon                Hexes/Charms                 3
   e - Regeneration                   Charms/Necromancy            3
Comestibles
 b - a slice of pizza
 d - 5 bread rations
 h - 4 meat rations
 x - 2 chunks of flesh


   Skills:
 + Level 4.5 Fighting
 + Level 5.8 Polearms
 - Level 0.6 Armour
 - Level 1.3 Dodging
 + Level 3.0 Spellcasting
 - Level 4.0 Charms


You had 4 spell levels left.
You knew the following spells:

 Your Spells              Type           Power        Failure   Level  Hunger
a - Infusion              Chrm           ##....       6%          1    #......
b - Spectral Weapon       Hex/Chrm       #.......     34%         3    ###....
c - Regeneration          Chrm/Necr      #.........   34%         3    ###....


Dungeon Overview and Level Annotations

Branches:
Dungeon (4/15)             Temple (1/1) D:4

Altars:
Ashenzari
Cheibriados
Dithmenos
Elyvilon
Fedhas
Kikubaaqudgha
Makhleb
Nemelex Xobeh
Pakellas
Qazlal
Ru
Sif Muna
Trog
Vehumet
Xom
Yredelemnul
Zin

Annotations:
D:4 JokEr's ghost, amateur MfSk; Robin


Message History

JokEr's ghost is almost destroyed.
JokEr's ghost whispers, "You will understand me better in a moment."
JokEr's ghost hits you.
* * * LOW HITPOINT WARNING * * *
The iguana closely misses you.
Drink which item? (? for menu, Esc to quit)
You turn into a tree.
Your +0 helmet melds into your body.
Your +0 scale mail melds into your body.
Your roots penetrate the ground.
JokEr's ghost hits you but does no damage.
The iguana bites you but does no damage.
There are monsters nearby!
You hit JokEr's ghost but do no damage.
JokEr's ghost is almost destroyed.
JokEr's ghost hits you but does no damage.
You are feeling hungry.
You hit JokEr's ghost.
JokEr's ghost is almost destroyed.
The iguana bites you.
You die...

#......g..# #.# # #......#### #.#
# ##.#...## #(# # .#.##.## #.#
#### ## .#.##.# #.#####..# #.
.#.##g# #........# #. ...##g#
################.## #.
.####>######.....W..# #.# #.
......#........)♣l..#######.####.
.###..#g####.#####............W..
.# #.......#.# #.......##.####.
.###..#.##.#.# #.......##.# #.
.##..........#####..........# #.
###.............##.......#### #.
# #..##.##..###.##.......# #.
###.[##.#............#...#######.
............###....).<...........


You could see an iguana and JokEr's ghost.

Vanquished Creatures
  A scorpion (D:4)
  A hound (D:4)
  A giant frog skeleton (D:4)
  Ijyb (D:4)
  2 hound skeletons (D:4)
  4 adders
  2 worms (D:2)
  3 giant geckos
  7 orcs
  8 bats
  3 giant cockroaches
  16 goblins
  7 hobgoblins
  A ball python (D:1)
  A ball python skeleton (D:4)
  2 giant newts (D:2)
  6 kobolds
  4 rats
70 creatures vanquished.

Notes
Turn   | Place    | Note
--------------------------------------------------------------
     0 | D:1      | JokEr the Merfolk Skald began the quest for the Orb.
     0 | D:1      | Reached XP level 1. HP: 16/16 MP: 3/3
     6 | D:1      | Noticed a black bear
     6 | D:1      | Noticed a killer bee
     6 | D:1      | Noticed a wolf
     8 | D:1      | Noticed a swamp worm
   206 | D:1      | Reached XP level 2. HP: 23/23 MP: 5/5
   856 | D:2      | Found a stormy altar of Qazlal.
   856 | D:2      | Noticed a fire elemental
   858 | D:2      | Noticed an air elemental
   858 | D:2      | Noticed a water elemental
   858 | D:2      | Noticed an earth elemental
   893 | D:2      | Reached XP level 3. HP: 16/29 MP: 2/6
  1485 | D:2      | Reached skill level 4 in Polearms
  1798 | D:3      | Reached XP level 4. HP: 32/35 MP: 7/7
  2588 | D:4      | Found a staircase to the Ecumenical Temple.
  2900 | Temple   | Entered the Ecumenical Temple
  3279 | D:4      | Reached XP level 5. HP: 34/42 MP: 6/8
  3295 | D:4      | Reached skill level 5 in Polearms
  3397 | D:4      | Learned a level 3 spell: Spectral Weapon
  3401 | D:4      | Learned a level 3 spell: Regeneration
  3603 | D:4      | Noticed JokEr's ghost (amateur MfSk)
  4171 | D:4      | Reached XP level 6. HP: 37/49 MP: 10/10
  4247 | D:4      | Noticed Robin
  4251 | D:4      | Noticed Ijyb
  4314 | D:4      | Killed Ijyb
  4827 | D:4      | HP: 1/49 [JokEr's ghost (2)]
  4830 | D:4      | Slain by an iguana

Vault maps used:
D:1:      onia_arrival_zoo_common
D:2:      first_bread, nicolae_qazlal_style_of_elements
D:3:      kennysheep_generic_room_14
D:4:      kennysheep_the_goblin_king, temple_doors_e, serial_bayou_pond_c,
          uniq_robin
Temple:   minmay_crystal_snake_temple_18

Action                   |  1- 3 |  4- 6 || total
-------------------------+-------+-------++-------
Melee: Spear             |   105 |   284 ||   389
 Cast: Infusion          |    15 |    18 ||    33
  Use: Scroll            |     6 |     6 ||    12
       Potion            |       |     5 ||     5
 Stab: Sleeping          |     1 |       ||     1
  Eat: Chunk             |     3 |    10 ||    13
